 Dungeon Crawl Stone Soup version 0.28-a0-664-gc179e30c89 (webtiles) character file.

Game seed: 13670173931663852744

376 Johnny the Slasher (level 7, -9/82 HPs)
             Began as a Human Berserker on Oct 16, 2021.
             Was a Believer of Trog.
             Killed by nerve-wracking pain
             ... invoked by Menkaure
              (14 damage)
             ... on level 4 of the Dungeon.
             The game lasted 00:02:22 (3323 turns).

Johnny the Slasher (Human Berserker)                Turns: 3323, Time: 00:02:23

Health: -9/82      AC:  8    Str: 25    XL:     7   Next: 3%
Magic:  7/7        EV:  9    Int:  7    God:    Trog [**....]
Gold:   104        SH:  0    Dex: 13    Spells: 6/6 levels left

rFire   . . .      SeeInvis .   a - +0 falchion
rCold   . . .      Faith    .   (no shield)
rNeg    . . .      Spirit   .   e - +0 chain mail
rPois   .          Reflect  .   (no helmet)
rElec   .          Harm     .   (no cloak)
rCorr   +          Rampage  .   (no gloves)
Will    .....                   (no boots)
Stlth   ..........              (no amulet)
HPRegen 0.23/turn               j - +6 ring of strength
MPRegen 0.10/turn               o - ring of resist corrosion

@: berserking, very quick
A: no striking features
a: Renounce Religion, Berserk, Trog's Hand


You were on level 4 of the Dungeon.
You worshipped Trog.
Trog was pleased with you.
You visited 1 branch of the dungeon, and saw 4 of its levels.

You collected 104 gold pieces.

Inventory:

Hand Weapons
 a - a +0 falchion (weapon)
Armour
 e - a +0 chain mail (worn)
Jewellery
 j - a +6 ring of strength (left hand)
 o - a ring of resist corrosion (right hand)
Scrolls
 f - a scroll of fear {unknown}
 g - 5 scrolls of identify {unknown}
 h - 2 scrolls of amnesia {unknown}
 i - 2 scrolls of teleportation {unknown}
 k - a scroll of holy word {unknown}
 l - a scroll of blinking {unknown}
 p - a scroll of noise {unknown}
 r - a scroll of magic mapping {unknown}
Potions
 b - a potion of might {unknown}
 c - 2 potions of curing {unknown}
 d - a potion of attraction {unknown}
 m - a potion of heal wounds {unknown}
 n - a potion of invisibility {unknown}
 q - a potion of resistance {unknown}
 s - a potion of brilliance {unknown}


   Skills:
 + Level 4.8 Fighting
 * Level 6.2 Long Blades
 - Level 2.0 Armour
 - Level 2.0 Dodging


You had 6 spell levels left.
You didn't know any spells.
Your spell library was empty.

Dungeon Overview and Level Annotations

Branches:
Dungeon (4/15)
 Temple: D:4-7

Altars:
Hepliaklqana
Sif Muna

Shops:
D:2 =

Annotations:
D:4 Menkaure


Message History

Menkaure gestures wildly while chanting.
Menkaure seems to speed up.
A red film seems to cover your vision as you go berserk!
You feel yourself moving faster!
You feel mighty! Menkaure barely misses you. The goblin barely misses you.
You slash Menkaure!
Menkaure is severely damaged.
Menkaure hits you!!
* * * LOW HITPOINT WARNING * * *
The goblin hits you with a +0 club.
* * * LOW HITPOINT WARNING * * *
You barely miss Menkaure.
Menkaure is severely damaged.
The hound bites you but does no damage.
Menkaure murmurs a few words.
Menkaure gestures at you while chanting.
Pain shoots through your body!
* * * LOW HITPOINT WARNING * * *
You hit Menkaure but do no damage.
Menkaure is severely damaged.
The hound closely misses you. Menkaure hits you but does no damage.
Unknown command.
Your chain mail prevents you from hitting Menkaure.
Menkaure is severely damaged.
The hound bites you.
* * * LOW HITPOINT WARNING * * *
The goblin hits you with a +0 club.
* * * LOW HITPOINT WARNING * * *
Unknown command.
You barely miss Menkaure.
Menkaure is severely damaged.
Menkaure closely misses you. The hound closely misses you.
Unknown command.
You hit Menkaure.
Menkaure is almost destroyed.
The hound barely misses you. The goblin hits you with a +0 club.
* * * LOW HITPOINT WARNING * * *
Menkaure points at you and mumbles some strange words.
Pain shoots through your body!
You die...

....##.# # #.....# .#
#..#..######.#### # #
#......#.......... ##.
#...#.#>...$. .# ...#
##..#.#.##.##..
#..###.............. .
#.#.#...##.#.##M##...#
#......##.#).@.......
##........#..gh...###
##...########!####
#...# .# #...# # .#
#...#####.. .$
######..)......# .#
...............# .#
..............#


You could see Menkaure (fast), a hound and a goblin.

Vanquished Creatures
  A black bear (D:3)
  A sky beast (D:3)
  A water moccasin skeleton (D:4)
  4 gnolls (D:2)
  2 adders
  5 worms
  2 dart slugs (D:1)
  9 orcs
  4 ball pythons
  5 endoplasms
  A giant cockroach (D:1)
  2 hobgoblins (D:1)
  4 kobolds
  6 quokkas
  6 bats
  4 frilled lizards
  5 goblins
  6 rats
68 creatures vanquished.

Notes
Turn   | Place    | Note
-------+----------+-------------------------------------------
     0 | D:1      | Johnny the Human Berserker began the quest for the Orb.
     0 | D:1      | Reached XP level 1. HP: 18/18 MP: 1/1
    91 | D:1      | Reached XP level 2. HP: 24/24 MP: 2/2
   361 | D:1      | Reached XP level 3. HP: 25/29 MP: 3/3
   608 | D:1      | Reached ** piety under Trog
   856 | D:1      | Reached skill level 4 in Long Blades
  1018 | D:2      | Found a faded altar of an unknown god.
  1055 | D:2      | Found Caalug's Jewellery Shoppe.
  1179 | D:2      | Reached XP level 4. HP: 36/36 MP: 4/4
  1697 | D:2      | Reached XP level 5. HP: 35/42 MP: 5/5
  2237 | D:3      | Noticed a sky beast
  2237 | D:3      | Noticed a black bear
  2441 | D:3      | Killed a black bear
  2442 | D:3      | Reached skill level 5 in Long Blades
  2442 | D:3      | Reached XP level 6. HP: 48/48 MP: 6/6
  2499 | D:3      | Killed a sky beast
  2616 | D:3      | Reached skill level 6 in Long Blades
  3134 | D:4      | Reached XP level 7. HP: 44/55 MP: 7/7
  3146 | D:3      | Found a shimmering blue altar of Sif Muna.
  3146 | D:3      | Found a hazy altar of Hepliaklqana.
  3313 | D:4      | Noticed Menkaure
  3323 | D:4      | Killed from afar by Menkaure

Illustrated notes

Levels and vault maps discovered:
D:1:      minmay_arrival_nine_rooms, layout_loops_ring, minmay_close_crescents
D:2:      layout_loops_corners, serial_shops, shop,
          ebering_ecumenical_altar_ruins, wad_orctagon
D:3:      layout_rooms, nicolae_overflow_hidden_temple, minmay_fountain_box
D:4:      layout_loops_cross, minmay_temple_entry_junction, uniq_ijyb,
          uniq_menkaure, uniq_pikel

Skill      XL: |  1  2  3  4  5  6 |
---------------+-------------------+-----
Long Blades    | 4 5 6 |  6.2
Fighting       | 4 |  4.8
Armour         | |  2.0
Dodging        | |  2.0

Action                   |  1- 3 |  4- 6 |  7- 9 || total
-------------------------+-------+-------+-------++-------
Melee: Falchion          |   112 |   125 |    11 ||   248
Invok: Berserk           |     1 |     2 |     1 ||     4
       Trog's Hand       |       |     2 |       ||     2
Armor: Animal skin       |     6 |       |       ||     6
       Chain mail        |    70 |    60 |     5 ||   135
Dodge: Dodged            |    69 |    52 |     8 ||   129

Table legend: (Time is in decaauts)
 A = Elapsed time spent in this place.
 B = Non-inter-level travel time spent in this place.
 C = Inter-level travel time spent in this place.
 D = Time resting spent in this place.
 E = Time spent auto-exploring this place.
 F = Levels seen in this place.
 G = Mean time per level.
                   A        B        C        D        E       F      G
               +--------+--------+--------+--------+--------+-----+--------+
         Total |   3367 |   3248 |    119 |    409 |   2302 |   4 |  841.8 |
       Dungeon |   3367 |   3248 |    119 |    409 |   2302 |   4 |  841.8 |
               +--------+--------+--------+--------+--------+-----+--------+

Top non-repeatable levels by time:
     D:2: 1295 daAuts
     D:1: 1012 daAuts
     D:3: 854 daAuts
     D:4: 205 daAuts
